[Event "Titled Tuesday Blitz November 07 Late 2023"]
[White "Dias, Joao Batista"]
[Black "Broca Jimenez, Fernando"]
[WhiteFideId "2108240"]
[BlackFideId "5104742"]
[WhiteElo "1959"]
[BlackElo "2208"]
[Result "0-1"]
[Round "10"]
[TimeControl "180+1"]
[Date "2023.11.07"]
[WhiteClock "0:01:12"]
[BlackClock "0:00:07"]
[Board "98"]

1. e4 c5 2. Nf3 g6 3. d4 cxd4 4. Qxd4 Nf6 5. Qe3 d6 6. h3 Nc6 7. Bb5 Bd7 8. Bxc6 Bxc6 9. Nc3 Bg7 10. O-O O-O 11. Rd1 Qa5 12. Nd4 Rac8 13. Nxc6 Rxc6 14. Nd5 Nxd5 15. exd5 Rc7 16. c3 b5 17. a3 Rfc8 18. Qe2 Qa4 19. Be3 a5 20. Bd4 Qc4 21. Bxg7 Qxe2 22. Bd4 Rc4 23. Rab1 b4 24. axb4 axb4 25. Re1 Qc2 26. Rec1 Qe4 27. Re1 Qxd5 28. Rxe7 bxc3 29. bxc3 R4c7 30. Re3 Qf5 31. Rbe1 f6 32. g4 Qf4 33. Re4 Qf3 34. R4e3 Qd5 35. Bxf6 Kf7 36. g5 Rxc3 37. Bxc3 Qxg5+ 38. Kf1 Qf5 39. Kg2 Qg5+ 40. Rg3 Qd5+ 41. Rf3+ Kg8 42. Re3 Rf8 43. Kg3 Qg5+ 44. Kh2 Rxf3 45. Rxf3 Qc5 46. Kg3 d5 47. Bd2 d4 48. Rf4 Qe5 49. Kf3 g5 50. Re4 Qf5+ 51. Bf4 gxf4 52. Rxf4 Qd5+ 53. Ke2 d3+ 54. Kd2 Qg5 55. Ke3 Qxf4+ 56. Kxf4 d2 0-1


[Site "https://www.chess.com"]

[Event "Titled Tuesday Blitz November 07 Late 2023"]
[White "Aravindh, Chithambaram VR."]
[Black "Carlsen, Magnus"]
[WhiteFideId "5072786"]
[BlackFideId "1503014"]
[WhiteElo "2957"]
[BlackElo "3277"]
[Result "0-1"]
[Round "11"]
[TimeControl "180+1"]
[Date "2023.11.07"]
[WhiteClock "0:00:00"]
[BlackClock "0:00:01"]
[Board "1"]

1. b3 e5 2. Bb2 Nc6 3. c4 g6 4. g3 Bg7 5. Bg2 d6 6. Nc3 Be6 7. e3 Qd7 8. Nge2 Bh3 9. Bxh3 Qxh3 10. Nd5 Qd7 11. h4 h5 12. Nec3 Nce7 13. d4 Nxd5 14. Nxd5 c6 15. Nc3 Nf6 16. Qe2 exd4 17. exd4+ Kf8 18. O-O-O d5 19. Rhe1 Re8 20. Qd3 Rxe1 21. Rxe1 Bh6+ 22. Kc2 Kg7 23. Ba3 Re8 24. Re5 Ng4 25. Rxe8 Qxe8 26. f4 Qe1 27. Bc1 Qf2+ 28. Bd2 Qg2 29. Kc1 Kh7 30. cxd5 cxd5 31. Qb5 Qxg3 32. Qxd5 Kg7 33. Ne4 Qf3 34. Nc3 Qf2 35. Qe4 Qxh4 36. d5 Qf6 37. Ne2 Kh7 38. Bc3 Qd8 39. Qd4 f6 0-1


[Site "https://www.chess.com"]

[Event "Titled Tuesday Blitz November 07 Late 2023"]
[White "Nihal Sarin"]
[Black "Duda, Jan-Krzysztof"]
[WhiteFideId "25092340"]
[BlackFideId "1170546"]
[WhiteElo "3114"]
[BlackElo "3106"]
[Result "1-0"]
[Round "11"]
[TimeControl "180+1"]
[Date "2023.11.08"]
[WhiteClock "0:00:27"]
[BlackClock "0:00:00"]
[Board "2"]

1. d4 Nf6 2. c4 e6 3. Nf3 d5 4. Nc3 c6 5. e3 Nbd7 6. Be2 Bd6 7. O-O O-O 8. b3 b6 9. Bb2 Bb7 10. Rc1 Qe7 11. Bd3 Rad8 12. Qe2 Ba3 13. cxd5 exd5 14. Bxa3 Qxa3 15. Nb1 Qd6 16. Qb2 a5 17. Nc3 Rfe8 18. Ne2 g6 19. Rfd1 Re7 20. a3 Rde8 21. Nf4 Ne4 22. b4 axb4 23. axb4 b5 24. Bxe4 dxe4 25. Nd2 Nb6 26. Qc3 Na4 27. Qb3 g5 28. Ne2 h5 29. h4 gxh4 30. Nf4 Bc8 31. Rc2 Bd7 32. Rdc1 Kh7 33. d5 Nb6 34. Rxc6 Bxc6 35. Rxc6 Qd8 36. Nxh5 Nxd5 37. Qxd5 Qxd5 38. Nf6+ Kg7 39. Nxd5 Ra7 40. Nf6 Rh8 41. Ndxe4 h3 42. gxh3 Rxh3 43. Rc5 Ra1+ 44. Kg2 Rhh1 45. Rg5+ Kf8 46. Rg8+ 1-0


[Site "https://www.chess.com"]

[Event "Titled Tuesday Blitz November 07 Late 2023"]
[White "Firouzja, Alireza"]
[Black "Melkumyan, Hrant"]
[WhiteFideId "12573981"]
[BlackFideId "13302485"]
[WhiteElo "3079"]
[BlackElo "2943"]
[Result "1-0"]
[Round "11"]
[TimeControl "180+1"]
[Date "2023.11.07"]
[WhiteClock "0:00:14"]
[BlackClock "0:00:00"]
[Board "3"]

1. d4 d5 2. c4 e6 3. g3 dxc4 4. Bg2 c5 5. Nf3 Nc6 6. Qa4 cxd4 7. O-O Bd7 8. Qxc4 e5 9. e3 Rc8 10. Qe2 d3 11. Qxd3 Nf6 12. Nc3 Be7 13. Rd1 O-O 14. Ng5 h6 15. Nh7 Bg4 16. Nxf8 Bxd1 17. Qxd1 Qxd1+ 18. Nxd1 Kxf8 19. Bd2 Rd8 20. Be1 Nd5 21. a3 f5 22. e4 fxe4 23. Bxe4 Nf6 24. Bxc6 bxc6 25. Kf1 Nd5 26. Rc1 c5 27. Ke2 Kf7 28. f3 Ke6 29. Nf2 Rb8 30. Nd3 Rb3 31. Bf2 Nf6 32. Bxc5 e4 33. fxe4 Nxe4 34. Bxa7 Rb7 35. Be3 Rb8 36. b4 Bf6 37. Nc5+ Nxc5 38. Rxc5 Ra8 39. Ra5 Rc8 40. b5 Rc2+ 41. Kf3 Rxh2 42. b6 Rb2 43. a4 Rb3 44. Ke2 Rb2+ 45. Kd1 Rb3 46. Ra8 Be5 47. Bf2 Kd5 48. a5 Ke4 49. a6 Ra3 50. a7 Ra1+ 51. Ke2 Ra2+ 52. Kf1 Bd6 53. Re8+ Kf3 54. Re3+ Kg4 55. Rd3 Be5 56. Rd5 1-0


[Site "https://www.chess.com"]

[Event "Titled Tuesday Blitz November 07 Late 2023"]
[White "Martinez Alcantara, Jose Eduardo"]
[Black "Indjic, Aleksandar"]
[WhiteFideId "3805662"]
[BlackFideId "911925"]
[WhiteElo "3053"]
[BlackElo "2927"]
[Result "1-0"]
[Round "11"]
[TimeControl "180+1"]
[Date "2023.11.07"]
[WhiteClock "0:00:08"]
[BlackClock "0:00:53"]
[Board "4"]

1. e4 c5 2. Nf3 d6 3. c3 Nf6 4. h3 g6 5. Bd3 Nc6 6. Bc2 e5 7. d3 Bg7 8. Bg5 h6 9. Bxf6 Bxf6 10. Nbd2 Bg7 11. Bb3 O-O 12. Nf1 Kh8 13. Ne3 f5 14. Qe2 b5 15. Bd5 Bd7 16. h4 Rb8 17. h5 f4 18. hxg6 Ne7 19. Bf7 Rxf7 20. gxf7 fxe3 21. Qxe3 Qf8 22. Ng5 Ng6 23. g3 Qe7 24. O-O-O Nf8 25. f4 Be6 26. Nxe6 Qxe6 27. f5 Qxf7 28. Rxh6+ Bxh6 29. Qxh6+ Kg8 30. Qxd6 Re8 31. Qxc5 Qxa2 32. Qxb5 Re7 33. Kc2 a6 34. Qb8 Qa4+ 35. Qb3+ Qxb3+ 36. Kxb3 Rb7+ 37. Kc2 Kg7 38. Ra1 Rb6 39. d4 Kf6 40. Ra5 Nd7 41. Rd5 Rb7 42. Rd6+ Kg5 43. Rg6+ Kh5 44. Rg7 Kh6 45. Re7 exd4 46. cxd4 Nc5 47. Rxb7 Nxb7 48. Kd3 Kg5 49. d5 Nd6 50. Kd4 a5 51. f6 a4 52. e5 Nf5+ 53. Kc5 Kg6 54. d6 a3 55. bxa3 Nxg3 56. d7 Ne4+ 57. Kc6 1-0


[Site "https://www.chess.com"]

[Event "Titled Tuesday Blitz November 07 Late 2023"]
[White "Rustemov, Alexander"]
[Black "Sarana, Alexey"]
[WhiteFideId "4119002"]
[BlackFideId "24133795"]
[WhiteElo "2838"]
[BlackElo "2984"]
[Result "1/2-1/2"]
[Round "11"]
[TimeControl "180+1"]
[Date "2023.11.08"]
[WhiteClock "0:00:07"]
[BlackClock "0:00:05"]
[Board "5"]

1. Nf3 d5 2. d4 Nf6 3. c4 e6 4. cxd5 exd5 5. Nc3 c6 6. Bg5 Be7 7. Qc2 h6 8. Bh4 Nbd7 9. e3 Nh5 10. Bxe7 Qxe7 11. O-O-O Nhf6 12. Bd3 Nb6 13. h3 Be6 14. Kb1 O-O-O 15. Na4 Kb8 16. Rc1 Nfd7 17. Nc5 Rc8 18. Qc3 Rhe8 19. Rc2 Qf6 20. Qb4 Bf5 21. Bxf5 Qxf5 22. Rc1 Nxc5 23. Qxc5 Re6 24. b3 f6 25. Kb2 g5 26. a4 h5 27. a5 Nd7 28. Qb4 a6 29. Ne1 g4 30. hxg4 hxg4 31. g3 Ka8 32. Ng2 Ree8 33. Nf4 Rh8 34. Qd6 Nb8 35. Qe6 Qxe6 36. Nxe6 Rh2 37. Nc5 Rch8 38. Kc3 Rg2 39. Re1 Rhh2 40. e4 Rxf2 41. Rxf2 Rxf2 42. exd5 cxd5 43. Re8 Rf3+ 44. Kc2 Ka7 45. Re7 Nc6 46. Rxb7+ Ka8 47. Rb6 Nxd4+ 48. Kb2 Rf2+ 49. Ka3 f5 50. Rxa6+ Kb8 51. Rg6 Rc2 52. Na4 Rc6 53. Rg7 Nc2+ 54. Kb2 Nb4 55. Nb6 d4 56. Rd7 d3 57. Nc4 f4 58. gxf4 Rg6 59. Kc3 g3 60. Ne3 Nc6 61. f5 g2 62. Nxg2 Rxg2 63. f6 Rf2 64. f7 Kc8 65. Rxd3 Rxf7 66. b4 Rf5 67. Rh3 Kb7 68. Rh4 Ka6 69. Kc4 Rg5 70. Rh6 Kb7 71. Rh7+ Kb8 72. Rh6 Ne5+ 73. Kb3 Kc7 74. Rh7+ Kc6 75. Rh6+ Kd5 76. Ka4 Rg1 77. Kb5 Rb1 78. Rh5 Ra1 79. a6 Kd6 80. Rh6+ Kc7 81. Rh7+ Nd7 82. Rg7 Ra2 83. Rh7 Ra1 84. Rg7 Rh1 85. Rf7 Rh5+ 86. Ka4 Kc6 87. b5+ Kd6 88. a7 Rh1 89. Kb4 Ra1 90. Rh7 Rxa7 91. Rh6+ Ke7 92. Rh7+ Kd6 93. b6 Ra1 94. Kb5 Rb1+ 95. Ka5 Nc5 96. Rh6+ Kd5 97. Rh5+ Kc4 98. Rh4+ Kd5 99. Rh5+ Kd6 100. Rh6+ Ne6 101. Ka6 Kd5 102. Kb7 Rb2 103. Rh5+ Kd6 104. Rh6 Rb3 105. Rg6 Kd7 106. Rh6 Nc5+ 107. Ka7 Ra3+ 108. Kb8 Ra1 109. Rh7+ Kc6 110. Rh6+ Kd7 111. b7 Rb1 112. Rh7+ Kc6 113. Rh6+ Kd5 114. Rh7 Kd6 115. Kc8 Nxb7 116. Rxb7 Rh1 117. Rd7+ Kc6 118. Rd8 Ra1 119. Kb8 Rb1+ 120. Kc8 Ra1 121. Kb8 Rb1+ 122. Kc8 Ra1 1/2-1/2


[Site "https://www.chess.com"]

[Event "Titled Tuesday Blitz November 07 Late 2023"]
[White "Hakobyan, Aram"]
[Black "BardArtem"]
[WhiteFideId "13306677"]
[WhiteElo "3058"]
[BlackElo "2802"]
[Result "1-0"]
[Round "11"]
[TimeControl "180+1"]
[Date "2023.11.07"]
[WhiteClock "0:00:18"]
[BlackClock "0:00:01"]
[Board "6"]

1. d4 d5 2. Nf3 Nf6 3. c4 c6 4. Nc3 dxc4 5. e4 b5 6. Be2 Bg4 7. O-O e6 8. a4 b4 9. e5 Nd5 10. Ne4 Be7 11. Bxc4 O-O 12. h3 Bf5 13. Ng3 Bg6 14. Bd3 Nd7 15. Bxg6 hxg6 16. Qe2 a5 17. Rd1 c5 18. Ne4 Qc7 19. Bg5 Bxg5 20. Nexg5 c4 21. Qe4 Rfc8 22. Nxf7 Kxf7 23. Ng5+ Kg8 24. Nxe6 Qb7 25. Nf4 N7b6 26. Nxg6 c3 27. e6 Qc6 28. Re1 cxb2 29. Rad1 Qc2 30. Qg4 Re8 31. Qh5 Rxe6 32. Rxe6 b1=Q 33. Rxb1 Qxb1+ 34. Kh2 Nf6 35. Rxf6 gxf6 36. Qh8+ Kf7 37. Qh7+ Ke6 38. Nf4+ Kd6 39. Qxb1 Nxa4 40. Qe4 Ra6 41. Qe6+ 1-0


[Site "https://www.chess.com"]

[Event "Titled Tuesday Blitz November 07 Late 2023"]
[White "Rastbod, Ali"]
[Black "Makarian, Rudik"]
[WhiteFideId "12567477"]
[BlackFideId "44105681"]
[WhiteElo "2768"]
[BlackElo "2989"]
[Result "1/2-1/2"]
[Round "11"]
[TimeControl "180+1"]
[Date "2023.11.07"]
[WhiteClock "0:00:03"]
[BlackClock "0:00:06"]
[Board "7"]

1. e4 c5 2. Nf3 d6 3. g3 Nf6 4. Qe2 Nc6 5. h3 e6 6. Bg2 Be7 7. O-O O-O 8. c3 Rb8 9. d4 b5 10. dxc5 dxc5 11. Bf4 Rb7 12. Rd1 Rd7 13. Na3 a6 14. Rxd7 Qxd7 15. Rd1 Qa7 16. e5 Nd5 17. Bg5 c4 18. Nc2 Bc5 19. h4 a5 20. h5 h6 21. Bd2 b4 22. Be1 b3 23. axb3 cxb3 24. Ncd4 Nxd4 25. Nxd4 a4 26. Qg4 Bxd4 27. Qxd4 Qxd4 28. Rxd4 a3 29. bxa3 b2 30. Be4 Bb7 31. Bb1 Rc8 32. c4 Nb6 33. c5 Nd5 34. Bb4 Bc6 35. Rd2 Ne7 36. Rxb2 Bf3 37. c6 Nxc6 38. Bd6 Bxh5 39. Be4 Nd4 40. f4 Bg6 41. Bxg6 fxg6 42. Ra2 Rc6 43. a4 Ra6 44. Kf2 Nc6 45. Ke3 Kf7 46. Ke4 g5 47. f5 exf5+ 48. Kxf5 Nd4+ 49. Ke4 Ne6 50. Kd5 Kg6 51. Kc4 h5 52. Kb5 Ra8 53. a5 h4 54. gxh4 gxh4 55. a6 Kf5 56. a7 g5 57. Bb8 g4 58. Rf2+ Ke4 59. Rf6 g3 60. Rxe6 g2 61. Rg6 h3 62. e6 h2 63. Bxh2 Rxa7 64. Rxg2 Re7 65. Re2+ Kf5 66. Kc5 Rxe6 67. Rf2+ Kg6 68. Bd6 Re1 69. Kd5 Rb1 70. Ke6 Rb6 71. Rg2+ Kh6 72. Ke7 Kh5 73. Be5 Rg6 74. Rf2 Kg4 75. Bf6 Kg3 76. Rf1 Rg4 77. Ke6 Ra4 78. Rf5 Ra6+ 79. Kf7 Kg4 80. Rf1 Kg3 81. Rg1+ Kf3 82. Rf1+ Ke4 83. Rc1 Kd3 84. Kg6 Ra4 85. Rg1 Ra8 86. Kf5 Rf8 87. Rg3+ Kc4 88. Rg7 Re8 89. Rc7+ Kd3 90. Be5 Rf8+ 91. Ke6 Rg8 92. Rc3+ Ke2 93. Rb3 Re8+ 94. Kd5 Rd8+ 95. Ke4 Re8 96. Rb2+ Ke1 97. Ra2 Re7 98. Rb2 Re8 99. Rh2 Re7 100. Kf4 Kd1 101. Bd4 Re2 102. Rh1+ Kc2 103. Be3 Kb3 104. Kf3 Rc2 105. Ke4 Rc8 106. Kd3 Rg8 107. Rb1+ Ka4 108. Bf4 Rg4 109. Bd6 Ka5 110. Bc5 Ka6 111. Kc3 Rh4 112. Rb6+ Ka5 113. Rb2 Ka6 114. Bd4 Rh6 115. Kc4 Rg6 116. Ra2+ Kb7 1/2-1/2


[Site "https://www.chess.com"]

[Event "Titled Tuesday Blitz November 07 Late 2023"]
[White "Kamsky, Gata"]
[Black "Deac, Bogdan-Daniel"]
[WhiteFideId "2000024"]
[BlackFideId "1226380"]
[WhiteElo "2884"]
[BlackElo "2984"]
[Result "1/2-1/2"]
[Round "11"]
[TimeControl "180+1"]
[Date "2023.11.07"]
[WhiteClock "0:00:08"]
[BlackClock "0:00:04"]
[Board "8"]

1. e4 c5 2. Nf3 e6 3. Nc3 Nc6 4. d4 cxd4 5. Nxd4 Nf6 6. Ndb5 Bb4 7. a3 Bxc3+ 8. Nxc3 d5 9. exd5 exd5 10. Bd3 O-O 11. O-O Bg4 12. Qd2 Re8 13. Qf4 Bh5 14. Qh4 h6 15. Qg3 Kh8 16. Bf4 g5 17. Bc7 Qd7 18. Rae1 Bg6 19. Bxg6 fxg6 20. Be5 Nxe5 21. Rxe5 d4 22. Ne2 Kg7 23. Rxe8 Rxe8 24. Qd3 Rd8 25. Rd1 Nh5 26. g3 Qe7 27. Nxd4 Kh7 28. c3 Nf6 29. Qf3 Re8 30. h3 h5 31. Kg2 g4 32. hxg4 Nxg4 33. Rd2 Rf8 34. Qd5 Qe1 35. Nf3 Qe7 36. Ng5+ Kh6 37. Ne6 Rf6 38. Qg5+ Kh7 39. Nc5 Qf7 40. Rd7 Rxf2+ 41. Kg1 Rf1+ 42. Kg2 Rf2+ 43. Kg1 Rf1+ 44. Kg2 Rf2+ 1/2-1/2


[Site "https://www.chess.com"]

[Event "Titled Tuesday Blitz November 07 Late 2023"]
[White "Pakleza, Zbigniew"]
[Black "Yeletsky, Ivan"]
[WhiteFideId "1119290"]
[BlackFideId "24180327"]
[WhiteElo "2739"]
[BlackElo "2932"]
[Result "1-0"]
[Round "11"]
[TimeControl "180+1"]
[Date "2023.11.07"]
[WhiteClock "0:00:02"]
[BlackClock "0:00:01"]
[Board "9"]

1. d4 Nf6 2. Nf3 d5 3. Bf4 e6 4. e3 Bd6 5. Bg3 O-O 6. Nbd2 b6 7. c3 c5 8. Ne5 Qc7 9. f4 a5 10. a4 Nc6 11. Bb5 Ne7 12. Bh4 Ne4 13. Nxe4 dxe4 14. Bxe7 Qxe7 15. Nc4 Bc7 16. dxc5 bxc5 17. O-O Rd8 18. Qc2 Bb7 19. Rfd1 h5 20. Qe2 g6 21. g3 Rd5 22. Rd2 Rad8 23. Rad1 Kg7 24. Na3 h4 25. Bc4 hxg3 26. hxg3 Qf6 27. Bxd5 exd5 28. Nb5 Bb6 29. Kg2 d4 30. cxd4 cxd4 31. Nxd4 Rd5 32. Qg4 Rc5 33. Qh4 Qxh4 34. gxh4 Rc4 35. b3 Rc3 36. Kf2 Bc8 37. Rc2 Rd3 38. Rxd3 exd3 39. Rxc8 1-0


[Site "https://www.chess.com"]

[Event "Titled Tuesday Blitz November 07 Late 2023"]
[White "Korchmar, Vasiliy"]
[Black "Pranav, V"]
[WhiteFideId "24131750"]
[BlackFideId "25060783"]
[WhiteElo "2766"]
[BlackElo "3048"]
[Result "0-1"]
[Round "11"]
[TimeControl "180+1"]
[Date "2023.11.07"]
[WhiteClock "0:00:00"]
[BlackClock "0:00:52"]
[Board "10"]

1. e4 c6 2. d4 d5 3. exd5 cxd5 4. Bd3 Nf6 5. c3 Bg4 6. Qb3 Qc8 7. Bf4 Nc6 8. Nd2 e6 9. Ngf3 Be7 10. O-O O-O 11. Ne5 Bh5 12. Rae1 a6 13. Qc2 b5 14. a3 Qb7 15. Bg5 Rac8 16. Qb1 Bg6 17. Nxg6 hxg6 18. Nf3 Nh5 19. Bd2 Bd6 20. g3 Rce8 21. Re2 f5 22. Rfe1 Qd7 23. Ng5 e5 24. dxe5 Nxe5 25. Bc2 Nc4 26. Bc1 Nf6 27. Ne6 Rf7 28. b3 Ne5 29. Ng5 Rfe7 30. Kg2 Qb7 31. f3 d4 32. cxd4 Nxf3 33. Kf1 Nxe1 0-1


[Site "https://www.chess.com"]

[Event "Titled Tuesday Blitz November 07 Late 2023"]
[White "Bortnyk, Olexandr"]
[Black "Maksimovic, Bojan"]
[WhiteFideId "14120828"]
[BlackFideId "14408120"]
[WhiteElo "3024"]
[BlackElo "2756"]
[Result "0-1"]
[Round "11"]
[TimeControl "180+1"]
[Date "2023.11.07"]
[WhiteClock "0:00:06"]
[BlackClock "0:00:17"]
[Board "11"]

1. e4 g6 2. Bc4 Nf6 3. e5 d5 4. Bb3 Ng4 5. d4 c5 6. dxc5 Nxe5 7. Bf4 Nbc6 8. Bxd5 Bg7 9. Nc3 O-O 10. Nge2 Qa5 11. O-O Qxc5 12. a3 Bg4 13. b4 Qb6 14. h3 Bxe2 15. Qxe2 Rac8 16. Na4 Qd4 17. Bxc6 Rxc6 18. Be3 Qe4 19. Nc5 Qc4 20. Rae1 b6 21. Nd3 Nxd3 22. cxd3 Qb3 23. d4 Qxa3 24. b5 Rc7 25. Bf4 Rd7 26. Ra1 Qb3 27. Be5 Qd5 28. Ra4 Rc8 29. Rfa1 Bxe5 30. dxe5 Rcc7 31. h4 h5 32. Qe3 Kg7 33. g4 hxg4 34. Rxg4 Qd3 35. Qf4 e6 36. Rg5 Rd4 37. Qf6+ Kg8 38. h5 Qh3 39. Rg3 Qxh5 40. Kg2 Qf5 41. Re1 Qxf6 42. exf6 Rf4 43. Rf3 Rxf3 44. Kxf3 Rc5 45. Ra1 Rxb5 46. Rxa7 Rf5+ 47. Kg4 Rxf6 48. f4 Rf5 49. Rb7 b5 50. Rb6 Kg7 51. Rb7 Rd5 52. Rb6 Kf6 53. Rb7 g5 54. fxg5+ Rxg5+ 55. Kf4 Rd5 56. Ke4 Kg6 57. Kf4 Kf6 58. Ke4 Rh5 59. Kf4 b4 60. Kg4 Rg5+ 61. Kf4 Rh5 62. Kg4 Rg5+ 63. Kf4 e5+ 64. Kf3 Rf5+ 65. Ke3 Rf4 66. Kd3 Ke6 67. Rb6+ Kf5 68. Ke3 f6 69. Kd3 Rh4 70. Ke3 Rh3+ 71. Kf2 b3 72. Ke2 Kg5 73. Kf2 f5 74. Kg2 Rc3 75. Rxb3 Rxb3 0-1


[Site "https://www.chess.com"]

[Event "Titled Tuesday Blitz November 07 Late 2023"]
[White "Ibarra Jerez, Jose Carlos"]
[Black "Hambleton, Aman"]
[WhiteFideId "2226332"]
[BlackFideId "2606577"]
[WhiteElo "2992"]
[BlackElo "2747"]
[Result "0-1"]
[Round "11"]
[TimeControl "180+1"]
[Date "2023.11.07"]
[WhiteClock "0:00:00"]
[BlackClock "0:00:04"]
[Board "12"]

1. e4 c5 2. Nf3 e6 3. d4 cxd4 4. Nxd4 Nc6 5. Nc3 Qc7 6. g4 a6 7. Be3 Ne5 8. f4 Nc4 9. Bxc4 Qxc4 10. Qd2 b5 11. Nb3 Nf6 12. O-O-O b4 13. Na4 Qb5 14. Nb6 Rb8 15. Nxc8 Rxc8 16. Qg2 Qc6 17. Rd4 d5 18. e5 Ne4 19. Kb1 Nc5 20. Rdd1 Nxb3 21. cxb3 Be7 22. f5 O-O 23. Bd4 Rfd8 24. f6 Bc5 25. Qd2 Bxd4 26. Qxd4 Qc2+ 27. Ka1 a5 28. Qe3 h6 29. fxg7 Kxg7 30. g5 h5 31. Qf4 Qe4 32. Qf6+ Kg8 33. g6 fxg6 34. Qxe6+ Kh7 35. Rhg1 Rg8 36. Qd7+ Kh6 37. e6 Rce8 38. Qxd5 Qxd5 39. Rxd5 Rxe6 40. Rxa5 Rge8 41. a3 Re1+ 42. Rxe1 Rxe1+ 43. Ka2 g5 44. Ra6+ Kg7 45. a4 g4 46. a5 Re5 47. Kb1 h4 48. Rb6 g3 49. hxg3 h3 50. Rxb4 Rh5 51. Rb7+ Kg6 52. Rb6+ Kf7 53. Rb7+ Ke6 54. g4 h2 55. gxh5 h1=Q+ 56. Ka2 Qxb7 0-1


[Site "https://www.chess.com"]

[Event "Titled Tuesday Blitz November 07 Late 2023"]
[White "Makhnev, Denis"]
[Black "Zeltsan, Joseph"]
[WhiteFideId "13707647"]
[BlackFideId "30932980"]
[WhiteElo "2947"]
[BlackElo "2704"]
[Result "1-0"]
[Round "11"]
[TimeControl "180+1"]
[Date "2023.11.07"]
[WhiteClock "0:02:07"]
[BlackClock "0:00:09"]
[Board "13"]

1. f4 d5 2. Nf3 Nf6 3. g3 c5 4. Bg2 Nc6 5. O-O g6 6. d3 Bg7 7. Qe1 O-O 8. e4 dxe4 9. dxe4 e5 10. f5 gxf5 11. exf5 Bxf5 12. Na3 Bg6 13. Bg5 h6 14. Bh4 Qc7 15. Nd2 Nh7 16. c3 Ng5 17. Ndc4 Rfe8 18. Nb5 Qd7 19. Rd1 Qg4 20. Ne3 Qa4 21. Nc7 Qxa2 22. Nxa8 Rxa8 23. Qf2 e4 24. Nd5 Ne5 25. Bxg5 hxg5 26. Ne7+ Kh7 27. Nxg6 fxg6 28. Bxe4 Rf8 29. Qe2 Rxf1+ 30. Rxf1 Kh6 31. Bxb7 c4 32. Be4 Qa5 33. Kg2 Qb6 34. h4 gxh4 35. Qd2+ Kh7 36. Qg5 Qxb2+ 37. Kh3 Qxc3 38. Qxh4+ Bh6 39. Rb1 Nf7 40. Rb7 Kg8 41. Bd5 1-0


[Site "https://www.chess.com"]

[Event "Titled Tuesday Blitz November 07 Late 2023"]
[White "Mladenovic, Stefan"]
[Black "Rostovtsev, Dmitry"]
[WhiteFideId "942227"]
[BlackFideId "34278320"]
[WhiteElo "2691"]
[BlackElo "2930"]
[Result "1-0"]
[Round "11"]
[TimeControl "180+1"]
[Date "2023.11.07"]
[WhiteClock "0:00:37"]
[BlackClock "0:00:03"]
[Board "14"]

1. d4 Nf6 2. Nf3 e6 3. e3 d5 4. Bd3 c5 5. b3 Nc6 6. O-O b6 7. Bb2 Bb7 8. a3 Rc8 9. Nbd2 Bd6 10. Qe2 O-O 11. dxc5 bxc5 12. e4 Nh5 13. g3 Re8 14. e5 Bf8 15. h4 g6 16. Ng5 h6 17. Nxf7 Kxf7 18. Qf3+ Kg7 19. g4 Qxh4 20. gxh5 Qg5+ 21. Kh2 Qh4+ 22. Qh3 Qxh3+ 23. Kxh3 g5 24. f4 Be7 25. fxg5 Bxg5 26. Nf3 Rf8 27. Nxg5 hxg5 28. Rf6 Rxf6 29. exf6+ Kh6 30. Kg4 Rf8 31. Rf1 Bc8 32. f7 e5+ 33. Kg3 Kg7 34. h6+ Kh8 35. Rf6 Nd4 36. Bxd4 cxd4 37. Bg6 e4 38. Rd6 Bb7 39. Rd7 Bc6 40. Rc7 Bb5 41. a4 Be2 42. Re7 Bh5 43. Re8 Bxg6 44. Rxf8+ Kh7 45. Rh8+ Kxh8 46. f8=Q+ Kh7 47. Qg7# 1-0


[Site "https://www.chess.com"]

[Event "Titled Tuesday Blitz November 07 Late 2023"]
[White "Rozman, Levy"]
[Black "Zhigalko, Sergei"]
[WhiteFideId "2039877"]
[BlackFideId "13502956"]
[WhiteElo "2687"]
[BlackElo "2914"]
[Result "1-0"]
[Round "11"]
[TimeControl "180+1"]
[Date "2023.11.08"]
[WhiteClock "0:00:18"]
[BlackClock "0:00:00"]
[Board "15"]

1. e4 c5 2. a3 d5 3. exd5 Nf6 4. Nf3 Nxd5 5. d4 Bg4 6. Be2 e6 7. O-O Nc6 8. c4 Nf6 9. dxc5 Bxc5 10. b4 Be7 11. Bb2 O-O 12. Nc3 Qc7 13. Nb5 Qb8 14. Qb3 a6 15. Nbd4 Nxd4 16. Bxd4 Qc7 17. Qe3 Nd7 18. Rac1 Rfd8 19. h3 Bf5 20. Rfd1 h6 21. Bd3 Bxd3 22. Rxd3 Rac8 23. Rcd1 Nf6 24. Ne5 Qb8 25. Re1 b5 26. Nxf7 Kxf7 27. Qxe6+ Kg6 28. Rg3+ Qxg3 29. fxg3 Rxd4 30. Qxc8 Rxc4 31. Qxa6 1-0


[Site "https://www.chess.com"]

[Event "Titled Tuesday Blitz November 07 Late 2023"]
[White "Golubev, Mikhail"]
[Black "Grigoriants, Sergey"]
[WhiteFideId "14100983"]
[BlackFideId "4130804"]
[WhiteElo "2661"]
[BlackElo "2909"]
[Result "1/2-1/2"]
[Round "11"]
[TimeControl "180+1"]
[Date "2023.11.07"]
[WhiteClock "0:00:47"]
[BlackClock "0:00:17"]
[Board "16"]

1. e4 e6 2. d4 d5 3. Bd3 c5 4. exd5 exd5 5. Nf3 c4 6. Be2 Bd6 7. O-O Ne7 8. b3 cxb3 9. axb3 Nbc6 10. c4 O-O 11. Nc3 h6 12. c5 Bc7 13. Nb5 Bb8 14. Ba3 Nf5 15. Nc3 Be6 16. Qd2 Re8 17. Bb2 a6 18. Rfe1 Bc7 19. h3 Qf6 20. Rad1 Re7 21. Bf1 Rae8 22. g4 Nh4 23. Nxh4 Qxh4 24. Bg2 h5 25. Nxd5 Bxd5 26. Bxd5 Qxh3 27. Bg2 Bh2+ 28. Kf1 Rxe1+ 29. Rxe1 Rxe1+ 30. Qxe1 Qd3+ 31. Qe2 Qb1+ 32. Qe1 Qd3+ 33. Qe2 Qb1+ 34. Qe1 Qd3+ 1/2-1/2


[Site "https://www.chess.com"]

[Event "Titled Tuesday Blitz November 07 Late 2023"]
[White "Sturt, Raven"]
[Black "Szpar, Milosz"]
[WhiteFideId "2007304"]
[BlackFideId "1184989"]
[WhiteElo "2635"]
[BlackElo "2837"]
[Result "0-1"]
[Round "11"]
[TimeControl "180+1"]
[Date "2023.11.07"]
[WhiteClock "0:01:07"]
[BlackClock "0:00:49"]
[Board "17"]

1. f4 c5 2. Nf3 Nc6 3. b3 g6 4. Bb2 Nf6 5. e4 Bg7 6. e5 Nh5 7. Bc4 O-O 8. O-O Nxf4 9. Ng5 Ne6 10. Nxe6 dxe6 11. Qe2 Nd4 12. Qe4 Bd7 13. Re1 Bc6 14. Qd3 b5 15. Na3 bxc4 16. Nxc4 Qd5 17. Ne3 Qxe5 18. Kh1 Qh5 19. b4 Nf3 20. gxf3 Qxf3+ 21. Kg1 Bxb2 22. Rab1 Bd4 23. Re2 Be4 24. Qc4 Qh1+ 25. Kf2 Qxh2+ 26. Ke1 Qg1+ 27. Nf1 Bg2 28. Rxg2 Qxg2 29. Rb3 Rad8 30. bxc5 Qf2+ 31. Kd1 Bxc5 32. Rh3 Rd4 33. Qa6 Re4 34. Ne3 Bxe3 35. dxe3 Rd8+ 36. Kc1 Qe1+ 37. Kb2 Rb4+ 38. Ka3 Qc3# 0-1


[Site "https://www.chess.com"]

[Event "Titled Tuesday Blitz November 07 Late 2023"]
[White "Tikhonov, Viacheslav"]
[Black "mind1mover"]
[WhiteFideId "44196407"]
[WhiteElo "2574"]
[BlackElo "2833"]
[Result "1-0"]
[Round "11"]
[TimeControl "180+1"]
[Date "2023.11.07"]
[WhiteClock "0:00:04"]
[BlackClock "0:00:02"]
[Board "18"]

1. e4 Nc6 2. Nf3 d6 3. d4 Nf6 4. d5 Nb8 5. Nc3 c6 6. Bg5 h6 7. Bxf6 exf6 8. dxc6 bxc6 9. Bc4 Be7 10. O-O Nd7 11. Be2 Qb6 12. Na4 Qc7 13. Nd4 Nb6 14. c4 O-O 15. Nc3 Re8 16. b3 Bf8 17. Bg4 Bb7 18. Qf3 a6 19. Rad1 a5 20. Qg3 a4 21. c5 Nc8 22. Nf5 Re5 23. f4 Rxc5 24. Nxa4 Rc2 25. Nxh6+ gxh6 26. Bxc8+ Bg7 27. Bf5 Rxa2 28. Qg4 Bc8 29. Rf3 Bxf5 30. exf5 Qa7+ 31. Kh1 h5 32. Qxh5 Qd4 33. Rg1 Ra1 34. Rff1 Rxf1 35. Rxf1 Re8 36. Qd1 Qb4 37. h3 d5 38. Qc2 Re1 39. Rxe1 Qxe1+ 40. Kh2 Bh6 41. g3 Qe3 42. h4 d4 43. Nc5 Bf8 44. Nd3 c5 45. Kg2 Qe4+ 46. Kh2 Qxf5 47. Qe2 Qd5 48. Qc2 Qe4 49. Qd2 Bd6 50. Nf2 Qf3 51. Nd3 f5 52. Qc2 Qe3 53. Kg2 Qe4+ 54. Kh2 Qe3 55. Kg2 Kg7 56. Kh2 Qf3 57. Qd2 f6 58. Qc2 Qe3 59. Kg2 Be7 60. Kh2 Kf8 61. Kg2 Kg7 62. Kh2 Bf8 63. Kg2 Qe4+ 64. Kh2 Qf3 65. Qd2 Bd6 66. Qc2 Kh6 67. Qd2 Bc7 68. Qc2 Bb6 69. Qd2 Qe4 70. Qc2 Kg6 71. Qd2 Kh7 72. Qc2 Ba5 73. Qxc5 Qe2+ 74. Kh3 Qf1+ 75. Kh2 Qe2+ 76. Kh3 Qxd3 77. Qxa5 Qf1+ 78. Kh2 Qf2+ 79. Kh3 Qf1+ 80. Kh2 Qe2+ 81. Kh3 Qe4 82. Qc7+ Kg6 83. Qd8 Kf7 84. Qd7+ Kf8 85. Qd8+ Kf7 86. Qd7+ Kg8 87. Qd8+ Kg7 88. Kh2 d3 89. h5 Qe2+ 90. Kh3 Qxh5+ 91. Kg2 Qe2+ 92. Kh3 d2 93. Qd7+ Kg6 94. Qd8 Qh5+ 95. Kg2 Qe2+ 96. Kh3 Qf1+ 97. Kh2 Qf2+ 98. Kh3 Qf1+ 99. Kh2 d1=Q 100. Qg8+ Kh6 101. Qh8+ Kg6 102. Qg8+ Kh5 103. g4+ fxg4 104. Qh7# 1-0


[Site "https://www.chess.com"]